 Dungeon Crawl Stone Soup version 0.23-a0-137-gef0ad6d46f (webtiles) character file.

4939 Napalmbreeze the Fiendish (level 10, 0/92 HPs)
             Began as a Deep Dwarf Fighter on Aug 28, 2018.
             Was a Priest of Makhleb.
             Slain by a hellwing (2 damage)
             ... while paralysed by accursed screaming
             ... on level 2 of the Abyss.
             The game lasted 00:21:30 (7385 turns).

Napalmbreeze the Fiendish (Deep Dwarf Fighter)      Turns: 7385, Time: 00:21:31

Health: 0/92       AC: 14    Str: 20    XL:     10   Next: 28%
Magic:  11/11      EV:  2    Int:  9    God:    Makhleb [***...]
Gold:   691        SH:  0    Dex: 15    Spells: 11/11 levels left

rFire    + + .     SeeInvis .   a - +0 war axe
rCold    + . .     Gourm    .   c - +0 shield
rNeg     . . .     Faith    .   m - +0 scale mail {rF+}
rPois    .         Spirit   .   L - +2 hat
rElec    .         Reflect  .   A - scarf {rC+ rF+}
rCorr    .         Harm     .   h - +0 pair of gloves
MR       +....                  n - +0 pair of boots
Stlth    ..........             (no amulet)
HPRegen  0.00/turn              y - ring of flight
MPRegen  0.12/turn              i - +2 ring of protection

@: paralysed, non-regenerating
A: damage resistance, heal wounds, sense surroundings 2, no regeneration
a: Heal Wounds, Minor Destruction, Lesser Servant of Makhleb, Renounce Religion,
Evoke Flight


You were on level 2 of the Abyss.
You worshipped Makhleb.
Makhleb was most pleased with you.
You were not hungry.

You visited 2 branches of the dungeon, and saw 11 of its levels.
You visited the Abyss 1 time.

You collected 691 gold pieces.

Inventory:

Hand Weapons
 a - a +0 war axe (weapon)
Armour
 c - a +0 shield (worn)
 h - a +0 pair of gloves (worn)
 m - a +0 scale mail of fire resistance (worn)
 n - a +0 pair of boots (worn)
 A - a scarf of resistance (worn)
 L - a +2 hat (worn)
Jewellery
 i - a +2 ring of protection (right hand)
 y - a ring of flight (left hand)
Scrolls
 b - a scroll of amnesia {unknown}
 e - 6 scrolls of remove curse
 g - 2 scrolls of noise {unknown}
 l - 4 scrolls of teleportation {unknown}
 o - 3 scrolls of magic mapping {unknown}
 p - 3 scrolls of fear
 r - 9 scrolls of identify
 t - 4 scrolls of fog {unknown}
 x - 2 scrolls of immolation {unknown}
 C - 2 scrolls of enchant weapon {unknown}
 G - a scroll of blinking {unknown}
Potions
 d - a potion of might
 j - a potion of cancellation {unknown}
 k - 3 potions of lignification
 q - a potion of mutation {unknown}
 u - 2 potions of resistance
 v - a potion of flight {unknown}
 w - a potion of magic {unknown}
 z - a potion of ambrosia {unknown}
 B - 2 potions of invisibility {unknown}
 I - a potion of haste {unknown}
 J - 2 potions of curing
 K - a potion of berserk rage {unknown}
Comestibles
 f - 15 rations
 s - 7 chunks of flesh


   Skills:
 + Level 6.6 Fighting
 + Level 7.5 Axes
 + Level 8.0 Armour
 - Level 4.0 Dodging
 + Level 7.9 Shields
 - Level 1.0 Spellcasting
 * Level 8.2 Invocations


You had 11 spell levels left.
You didn't know any spells.
Your spell library contained the following spells:

 Spells                   Type           Power        Failure   Level  Hunger
 Poisonous Vapours        Pois/Air       #.....       98%         2    ###....
 Conjure Flame            Conj/Fire      #.......     100%        3    ####...
 Mephitic Cloud           Conj/Pois/Air  #.......     100%        3    ####...
 Freezing Cloud           Conj/Ice/Air   #.........   100%        6    #######
 Ring of Flames           Chrm/Fire      #.........   100%        7    #######


Dungeon Overview and Level Annotations

Branches:
Dungeon (10/15)            Temple (1/1) D:4
   Lair: D:8-11         Orc: D:9-12

Altars:
Ashenzari
Cheibriados
Dithmenos
Elyvilon
Gozag
Hepliaklqana
Kikubaaqudgha
Makhleb
Nemelex Xobeh
Okawaru
Qazlal
Ru
Sif Muna
Uskayaw
Vehumet
Xom
Yredelemnul
Zin
The Shining One

Shops:
D:9 [   D:10 *

Annotations:
D:10 Sonja


Innate Abilities, Weirdness & Mutations

You are resistant to damage.
You can heal yourself by infusing magical energy.
You passively map the area around you.
You do not regenerate.


Message History

A deafening chorus of shrieks assaults your mind!
A starcursed mass splits.
The hellwing swoops through the air toward you!
The hellwing hits you but does no damage.
You block the hellwing's attack. You block the hellwing's attack.
The hellwing hits you but does no damage.
A starcursed mass splits. x3
A starcursed mass splits. x2
A starcursed mass splits.
A quasit comes into view.
A starcursed mass splits.
A cacophony of accursed wailing tears at your sanity!
* * * LOW HITPOINT WARNING * * *
You suddenly lose the ability to move!
The starcursed mass engulfs you!
* * * LOW HITPOINT WARNING * * *
The hellwing hits you!
* * * LOW HITPOINT WARNING * * *
The hellwing hits you.
You die...

#. ........ ..... #.#
#......# ......# .
..###XX....##......
..##.#................
#.......XX..............
.....#..X.X.............
#.#....X...X.........).
#....@4*.X..XX...... .
...#.#...≈≈..XXX........
....#≈≈≈...##X.....##
..#.#≈≈≈..≈.##.....X##.
#...≈≈≈♣≈≈≈.≈..X≈X....
#.#.≈≈≈≈≈≈≈≈≈.≈≈≈X....
...#≈≈♣≈≈≈≈≈≈.. .≈X...
.5###≈≈≈≈≈≈≈≈≈≈...≈X...
≈≈≈≈ ≈≈ ≈. ≈≈≈≈.


You could see 12 starcursed masses, a wretched star, a hellwing and a quasit
(wandering).

Vanquished Creatures
  A yak (D:9)
  2 hungry ghosts
  Edmund (D:4)
  2 water moccasins
  4 ice beasts
  3 sky beasts
  2 orc warriors
  A hornet zombie (D:9)
  7 ogres
  2 centaurs
  3 big kobolds
  3 bullfrogs
  A scorpion (D:6)
  6 killer bees (D:8)
  3 wights (D:9)
  4 howler monkeys
  2 crimson imps
  10 hounds
  A jelly (D:8)
  A gnoll shaman (D:9)
  6 orc priests
  7 orc wizards
  Terence (D:2)
  2 iguanas
  8 worker ants
  Natasha (thrice) (D:2)
  2 hound zombies
  A hound skeleton (D:8)
  A worker ant zombie (D:5)
  Robin (D:2)
  13 adders
  7 gnolls
  A shadow imp (D:9)
  An ooze (D:4)
  An adder zombie (D:8)
  A worm (D:2)
  2 dart slugs
  3 leopard geckos
  33 orcs
  6 giant cockroaches
  8 hobgoblins
  6 jackals
  21 kobolds
  12 quokkas
  7 bats
  3 frilled lizards
  14 goblins
  A jackal skeleton (D:5)
  A quokka zombie (D:5)
  11 rats
243 creatures vanquished.

Notes
Turn   | Place    | Note
-------+----------+-------------------------------------------
     0 | D:1      | Napalmbreeze the Deep Dwarf Fighter began the quest for the
                  | Orb.
     0 | D:1      | Reached XP level 1. HP: 20/20 MP: 1/1
   219 | D:1      | Reached XP level 2. HP: 27/27 MP: 2/2
   294 | D:1      | Reached skill level 1 in Dodging
   706 | D:2      | Noticed Terence
   710 | D:2      | Reached XP level 3. HP: 31/33 MP: 3/3
   717 | D:2      | Killed Terence
   755 | D:2      | Reached XP level 4. HP: 39/42 MP: 5/5
   846 | D:2      | Reached skill level 1 in Spellcasting
   866 | D:2      | Found a snail-covered altar of Cheibriados.
  1175 | D:2      | Found a basalt altar of Yredelemnul.
  1180 | D:2      | Found a glowing golden altar of the Shining One.
  1187 | D:2      | Noticed Robin
  1198 | D:2      | Killed Robin
  1201 | D:2      | Reached XP level 5. HP: 31/49 MP: 6/6
  1295 | D:2      | Noticed Natasha
  1315 | D:2      | Killed Natasha
  1444 | D:2      | Noticed Natasha
  1452 | D:2      | Killed Natasha
  1631 | D:2      | Noticed Natasha
  1640 | D:2      | Killed Natasha
  1738 | D:3      | Reached XP level 6. HP: 27/56 MP: 6/6
  2391 | D:4      | Noticed Edmund
  2425 | D:4      | Killed Edmund
  2465 | D:4      | Reached XP level 7. HP: 50/63 MP: 7/7
  2745 | D:4      | Found a staircase to the Ecumenical Temple.
  2790 | Temple   | Entered the Ecumenical Temple
  2823 | Temple   | Became a worshipper of Makhleb the Destroyer
  2883 | D:5      | Entered Level 5 of the Dungeon
  3001 | D:5      | Found a shadowy altar of Dithmenos.
  3048 | D:5      | Reached skill level 5 in Armour
  3048 | D:5      | Reached skill level 5 in Shields
  3333 | D:5      | Reached skill level 5 in Axes
  3333 | D:5      | Reached XP level 8. HP: 43/73 MP: 7/7
  3468 | D:5      | Reached * piety under Makhleb
  3873 | D:6      | Reached skill level 5 in Fighting
  4028 | D:6      | Found a radiant altar of Vehumet.
  4084 | D:6      | Reached skill level 1 in Invocations
  4422 | D:6      | Found an iron altar of Okawaru.
  5034 | D:7      | Gained mutation: You passively map the area around you.
                  | [Deep Dwarf growth]
  5034 | D:7      | Reached XP level 9. HP: 20/81 MP: 9/9
  5594 | D:8      | Reached ** piety under Makhleb
  5610 | D:8      | Reached skill level 5 in Invocations
  5718 | D:8      | Found a shimmering altar of Xom.
  6426 | D:9      | Reached *** piety under Makhleb
  6426 | D:9      | Reached XP level 10. HP: 53/92 MP: 11/11
  6477 | D:9      | Found Wita's General Store.
  6552 | D:9      | Found Onahuelu's Armour Boutique.
  7128 | D:10     | Entered Level 10 of the Dungeon
  7247 | D:10     | Noticed Sonja
  7301 | D:10     | Found Oqikupe's General Store.
  7333 | D:10     | Cast into level 2 of the Abyss (Sonja)
  7372 | Abyss:2  | Noticed a starcursed mass
  7374 | Abyss:2  | Noticed a wretched star
  7377 | Abyss:2  | Noticed a starcursed mass
  7385 | Abyss:2  | Paralysed by accursed screaming for 2 turns
  7385 | Abyss:2  | HP: 2/92 [hellwing (4)]
  7385 | Abyss:2  | Slain by a hellwing

Vault maps used:
D:1:      minmay_arrival_plants_in_alcoves, minmay_misc_feat_room
D:2:      cheibriados_altar_1, grunt_temple_overflow_holy_war, uniq_terence,
          uniq_robin, uniq_natasha
D:3:      dk_noncrumbling_2
D:4:      temple_doors_ab, first_ration, uniq_edmund
D:5:      nicolae_dithmenos_through_a_glass_darkly
D:6:      kennysheep_mini, vehumet_crystals
D:7:      kennysheep_six_static_rooms, grunt_ogre_cave, palyth_stone_intersect
D:8:      xom_teletrap_fun, corexii_checkpoint_a, kennysheep_potato
D:9:      serial_shops, shop_coins, nicolae_shop_competitors_out_of_business
D:10:     serial_shops, nicolae_shop_competitors_out_of_business,
          eino_tiny_chamber, eino_small_chamber_without_monster, uniq_sonja
Temple:   nicolae_temple_elliptical
Abyss:2:  evilmike_abyss_exit_10

Skill      XL: |  1  2  3  4  5  6  7  8  9 10 |
---------------+-------------------------------+-----
Dodging        | 1 2 3 4 |  4.0
Fighting       | 3 4 5 6 |  6.6
Spellcasting   | 1 |  1.0
Axes           | 3 4 5 6 7 |  7.5
Armour         | 4 5 6 7 8 |  8.0
Shields        | 4 5 6 7 |  7.9
Invocations    | 3 7 8 |  8.2

Action                   |  1- 3 |  4- 6 |  7- 9 | 10-12 || total
-------------------------+-------+-------+-------+-------++-------
Melee: War axe           |    85 |   229 |   548 |   149 ||  1011
Invok: Lesser Servant of |       |       |       |     4 ||     4
       Minor Destruction |       |       |       |     3 ||     3
 Abil: Heal Wounds       |       |     3 |    13 |     7 ||    23
  Use: Scroll            |       |     1 |     1 |     2 ||     4
       Potion            |       |       |     2 |       ||     2
 Stab: Distracted        |       |       |     1 |       ||     1
  Eat: Chunk             |       |     6 |    11 |     3 ||    20
       Ration            |       |       |     3 |       ||     3
Armor: Scale mail        |    32 |   119 |   260 |    60 ||   471
       Skin              |       |       |   116 |       ||   116
Dodge: Dodged            |    30 |    87 |   235 |    58 ||   410
Block: Shield            |    42 |   142 |   406 |   120 ||   710

Table legend:
 A = Non-vault XP
 B = Vault XP
 C = Vault XP percentage of total XP
 D = Non-vault monster count
 E = Vault monster count
 F = Vault count percentage of total count
                 A         B        C        D         E       F
            +---------+---------+-------+---------+---------+-------
      Total |    6100 |     957 |  13.6 |     218 |      25 |  10.3
            +---------+---------+-------+---------+---------+-------
        D:1 |      39 |       0 |   0.0 |      23 |       0 |   0.0
        D:2 |     170 |     107 |  38.6 |      20 |      13 |  39.4
        D:3 |     116 |       0 |   0.0 |      23 |       0 |   0.0
        D:4 |     305 |     158 |  34.1 |      15 |       1 |   6.2
        D:5 |     860 |       0 |   0.0 |      23 |       0 |   0.0
        D:6 |     659 |       0 |   0.0 |      17 |       0 |   0.0
        D:7 |     497 |     513 |  50.8 |      11 |       7 |  38.9
        D:8 |    1599 |     179 |  10.1 |      41 |       4 |   8.9
        D:9 |    1538 |       0 |   0.0 |      37 |       0 |   0.0
       D:10 |     317 |       0 |   0.0 |       8 |       0 |   0.0
            +---------+---------+-------+---------+---------+-------
